Sewer Rats vs Demolitions
(R2)
Created - May 20, 2020 at 19:00
Goals
|
Sewer Rats |
2 |
3 |
0 |
0 |
5 |
Demolitions |
2 |
2 |
1 |
1 |
6 |
|
Shots
|
Sewer Rats |
9 |
12 |
4 |
2 |
27 |
Demolitions |
11 |
14 |
8 |
3 |
36 |
|
1st period
1. Sewer Rats , Vincent Trocheck 5 (Mark Mancari 6, Jarred Tinordi 3) at 4:43
2. Demolitions , Tommy Vannelli 1 (Lane MacDermid 5, J.T. Brown 3) at 12:02
3. Sewer Rats , Daniel Carr 3 (Jonathan Marchessault 1, Luke Witkowski 4) at 15:36
4. Demolitions , Taylor Beck 6 (Spencer Machacek 5, Daultan Leveillé 7) at 19:20 (PP)
Penalties :
Jared McCann (Tol) for Delaying the game (Minor) at 19:14
2nd period
5. Demolitions , Jake Muzzin 1 (Spencer Machacek 6, Taylor Beck 4) at 1:46 (PP)
6. Sewer Rats , Nick Cousins 1 (Anthony Duclair 2, Vincent Trocheck 5) at 3:39
7. Demolitions , Andrej Nestrasil 2 (J.T. Brown 4) at 7:24
8. Sewer Rats , Mark Mancari 6 (Stefan Elliott 6, Marek Mazanek) at 10:44 (PP)
9. Sewer Rats , Jonathan Marchessault 1 (Luke Witkowski 5, Jarred Tinordi 4) at 11:49 (PP)
Penalties :
Stefan Elliott (Tol) for Hooking (Minor) at 1:34, Phil McRae (Vic) for Hooking (Minor) at 9:19, Ryan Pulock (Vic) for Tripping (Minor) at 10:31, Daniel Carr (Tol) for Tripping (Minor) at 13:28
3rd period
10. Demolitions , Dennis Everberg 3 (Robert Bortuzzo 4) at 8:29
Penalties :
Daultan Leveillé (Vic) for Holding (Minor) at 0:17, Luke Witkowski (Tol) for Hooking (Minor) at 1:44, Nick Cousins (Tol) for Holding (Minor) at 6:13, Mark Mancari (Tol) for Interference (Minor) at 8:51, Tomas Tatar (Tol) for Roughing (Minor) at 11:32
Overtime #1
11. Demolitions , Dennis Everberg 4 (Joshua Leivo 2, Phil McRae 3) at 4:25
Penalties :
No Penalty
Goalie Stats
Marek Mazanek (Tol), 30 saves from 36 shots - (0.833), OTL, 1-0-2, 64:25 minutes
Alex Stalock (Vic), 22 saves from 27 shots - (0.815), W, 3-1-0, 64:25 minutes
Players Stats for Sewer Rats
Player Name G A P +/- PIM S H SB GA TA FO MP PP MP PK MP
------------------------------------------------------------------------------------
Anthony Duclair 0 1 1 1 0 0 0 0 0 0 4/4 13:17 0:00 3:09
Connor Carrick 0 0 0 -1 0 0 0 0 0 0 0/0 4:48 0:00 0:00
Daniel Carr 1 0 1 0 2 4 4 2 0 1 0/0 16:31 1:26 1:28
Dmitrij Jaskin 0 0 0 -2 0 0 1 0 1 0 0/0 9:13 0:00 0:00
Erik Condra 0 0 0 1 0 3 3 0 1 0 0/0 11:31 0:00 1:51
Jared McCann 0 0 0 -2 2 1 1 0 0 0 0/5 8:14 0:00 0:00
Jarred Tinordi 0 2 2 -2 0 0 4 2 1 2 0/0 29:41 2:45 5:47
Joel Edmundson 0 0 0 2 0 0 0 1 1 0 0/0 18:54 1:12 3:54
John Ramage 0 0 0 0 0 0 1 0 0 0 0/0 11:14 0:00 0:12
Jonathan Marchessault 1 1 2 0 0 4 1 0 0 0 8/15 14:51 1:26 0:00
Joseph Blandisi 0 0 0 -2 0 0 0 0 0 0 0/0 8:23 0:00 0:08
Luke Witkowski 0 2 2 0 2 0 2 2 0 1 0/1 20:03 1:25 5:09
Mark Mancari 1 1 2 0 2 5 0 3 0 0 4/10 25:26 2:31 4:12
Nick Cousins 1 0 1 1 2 1 0 0 1 0 2/6 10:24 0:00 0:03
Ryan Murphy 0 0 0 0 0 0 1 0 0 0 0/0 11:02 0:00 0:00
Stefan Elliott 0 1 1 -2 2 4 2 1 0 0 0/0 29:28 2:45 5:35
Steven Kampfer 0 0 0 2 0 0 0 0 1 0 0/0 18:54 1:12 3:54
Tomas Tatar 0 0 0 0 2 2 3 0 1 0 1/1 22:46 2:31 1:59
Vincent Trocheck 1 1 2 0 0 3 1 1 1 1 12/33 22:17 2:31 1:23
Xavier Ouellet 0 0 0 -1 0 0 0 0 0 0 0/0 4:48 0:00 0:00
Players Stats for Demolitions
Player Name G A P +/- PIM S H SB GA TA FO MP PP MP PK MP
------------------------------------------------------------------------------------
Aaron Palushaj 0 0 0 -2 0 1 1 0 0 0 0/0 7:31 0:00 0:00
Alex Hutchings 0 0 0 -2 0 0 0 1 0 1 0/0 7:55 0:00 0:24
Andrej Nestrasil 1 0 1 2 0 2 1 0 1 0 7/14 16:34 4:00 0:00
Brendan Perlini 0 0 0 0 0 0 0 0 0 0 0/0 1:26 0:00 1:03
Christoph Bertschy 0 0 0 -2 0 0 0 0 1 0 1/2 8:21 0:00 0:08
Colton Sceviour 0 0 0 0 0 0 0 0 0 0 0/0 0:00 0:00 0:00
Daultan Leveillé 0 1 1 0 2 1 2 1 0 1 20/35 25:02 5:41 1:42
Dennis Everberg 2 0 2 1 0 5 1 1 0 0 0/0 12:04 0:00 0:00
J.T. Brown 0 2 2 2 0 3 2 0 0 1 4/4 17:15 4:00 0:35
Jake Muzzin 1 0 1 -2 0 2 3 0 0 0 0/0 26:02 5:21 1:51
Joshua Leivo 0 1 1 1 0 1 2 2 0 0 0/1 12:04 0:00 0:00
Lane MacDermid 0 1 1 2 0 2 1 0 0 0 0/1 17:04 4:00 0:00
Michael Ferland 0 0 0 0 0 0 0 0 0 0 0/0 0:48 0:04 0:00
Mitch Callahan 0 0 0 0 0 0 0 0 0 0 0/0 1:01 0:09 0:00
Nick Pryor 0 0 0 1 0 0 0 0 0 1 0/0 14:52 0:54 0:00
Phil McRae 0 1 1 1 2 1 1 0 1 0 4/5 12:03 0:00 0:00
Robert Bortuzzo 0 1 1 -1 0 1 4 2 1 1 0/0 31:49 6:18 1:51
Ryan Pulock 0 0 0 1 2 1 2 0 0 3 0/0 20:47 3:23 1:26
Spencer Machacek 0 2 2 0 0 9 2 0 0 0 4/8 26:43 5:32 3:14
Taylor Aronson 0 0 0 1 0 0 2 1 0 0 0/0 21:27 3:23 2:06
Taylor Beck 1 1 2 0 0 6 0 0 1 0 4/5 23:52 5:37 0:35
Tommy Vannelli 1 0 1 2 0 1 1 0 0 0 0/0 12:40 0:03 0:39
Tyler Graovac 0 0 0 0 0 0 0 0 0 0 0/0 0:00 0:00 0:00
3 Stars
1 - Dennis Everberg (Vic)
2 - J.T. Brown (Vic)
3 - Andrej Nestrasil (Vic)
Power Play
Sewer Rats - 2 on 3 Attempt(s) - 66.67%
Demolitions - 2 on 7 Attempt(s) - 28.57%
Penalty Kill
Sewer Rats - 5 on 7 Attempt(s) - 71.43%
- Score 0 goal in Penalty Kill
Demolitions - 1 on 3 Attempt(s) - 33.33%
- Score 0 goal in Penalty Kill
Team Stat
Sewer Rats - Hits : 24 - Faceoff Wins : 31 - Blocked Shots : 12 - Penalty Minutes : 14
Demolitions - Hits : 25 - Faceoff Wins : 44 - Blocked Shots : 8 - Penalty Minutes : 6
Official
Referees : Unknown
Linesman : Unknown
Game Notes
Jake Muzzin is injured at 11:59 of 3rd period (Strained Left Knee)
Finance
Level 1 -- Attendance: 2000 (100.00%) -- Ticket Income $26,000
Level 2 -- Attendance: 1000 (100.00%) -- Ticket Income $2,000
Total Attendance: 3000 (100.00%)
Total Ticket Income: $28,000
Other Income: $1,400
Total Income: $29,400
Sewer Rats
5 vs 5 Forward
Center Left Wing Right Wing Time % Phy DF OF
1 Vincent Trocheck Tomas Tatar Mark Mancari 40 1 2 2
2 Jonathan Marchessault Daniel Carr Luke Witkowski 30 1 2 2
3 Nick Cousins Anthony Duclair Erik Condra 20 1 2 2
4 Jared McCann Joseph Blandisi Dmitrij Jaskin 10 1 2 2
5 vs 5 Defense
Defense Defense Time % Phy DF OF
1 Jarred Tinordi Stefan Elliott 40 1 2 2
2 Steven Kampfer Joel Edmundson 30 1 2 2
3 Ryan Murphy John Ramage 20 1 2 2
4 Connor Carrick Xavier Ouellet 10 1 2 2
PowerPlay Forward
Center Left Wing Right Wing Time % Phy DF OF
1 Vincent Trocheck Tomas Tatar Mark Mancari 60 1 2 2
2 Jonathan Marchessault Daniel Carr Luke Witkowski 40 1 2 2
PowerPlay Defense
Defense Defense Time % Phy DF OF
1 Jarred Tinordi Stefan Elliott 60 1 2 2
2 Steven Kampfer Joel Edmundson 40 1 2 2
Penalty Kill 4 Players Forward
Center Wing Time % Phy DF OF
1 Mark Mancari Luke Witkowski 60 1 2 2
2 Tomas Tatar Erik Condra 40 1 2 2
Penalty Kill 4 Players Defense
Defense Defense Time % Phy DF OF
1 Jarred Tinordi Stefan Elliott 60 1 2 2
2 Steven Kampfer Joel Edmundson 40 1 2 2
Penalty Kill - 3 Players Forward
Forward Time % Phy DF OF
1 Mark Mancari 60 1 2 2
2 Luke Witkowski 40 1 2 2
Penalty Kill - 3 Players Defense
Defense Defense Time % Phy DF OF
1 Jarred Tinordi Stefan Elliott 60 1 2 2
2 Steven Kampfer Joel Edmundson 40 1 2 2
4 vs 4 Forward
Center Wing Time % Phy DF OF
1 Mark Mancari Luke Witkowski 60 1 2 2
2 Tomas Tatar Erik Condra 40 1 2 2
4 vs 4 Defense
Defense Defense Time % Phy DF OF
1 Jarred Tinordi Stefan Elliott 60 1 2 2
2 Steven Kampfer Joel Edmundson 40 1 2 2
Last Minutes Offensive
Center Left Wing Right Wing Defense Defense
Vincent Trocheck Tomas Tatar Mark Mancari Jarred Tinordi Stefan Elliott
Last Minutes Defensive
Center Left Wing Right Wing Defense Defense
Vincent Trocheck Tomas Tatar Mark Mancari Jarred Tinordi Stefan Elliott
Goaltenders
Starting : Marek Mazanek
Backup : Darcy Kuemper
Extra Forwards
Normal : Dmitrij Jaskin, Nick Cousins, Anthony Duclair - PP : Dmitrij Jaskin, Nick Cousins - PK : Anthony Duclair
Extra Defensemen
Normal : Ryan Murphy, John Ramage, Connor Carrick - PP : Ryan Murphy - PK : John Ramage, Connor Carrick
Penalty Shots
Mark Mancari, Luke Witkowski, Tomas Tatar, Erik Condra, Vincent Trocheck
Scratches
Dominik Kubalik (Healthy), Josh Archibald (Healthy), Jonathan Racine (Healthy), Tyler Motte (Healthy), Chris Calhan (Healthy)
Mark Friedman (Healthy), Michael Dal Colle (Healthy), Matteson Iacopelli (Healthy), Sergei Kostenko (Healthy), Antoine Bibeau (Healthy)
Demolitions
5 vs 5 Forward
Center Left Wing Right Wing Time % Phy DF OF
1 Daultan Leveillé Taylor Beck Spencer Machacek 40 1 2 2
2 Andrej Nestrasil Lane MacDermid J.T. Brown 30 1 2 2
3 Phil McRae Joshua Leivo Dennis Everberg 20 1 2 2
4 Christoph Bertschy Alex Hutchings Aaron Palushaj 10 1 2 2
5 vs 5 Defense
Defense Defense Time % Phy DF OF
1 Jake Muzzin Robert Bortuzzo 40 1 2 2
2 Ryan Pulock Taylor Aronson 30 1 2 2
3 Nick Pryor Tommy Vannelli 20 1 2 2
4 Jake Muzzin Robert Bortuzzo 10 1 2 2
PowerPlay Forward
Center Left Wing Right Wing Time % Phy DF OF
1 Daultan Leveillé Taylor Beck Spencer Machacek 60 1 2 2
2 Andrej Nestrasil Lane MacDermid J.T. Brown 40 1 2 2
PowerPlay Defense
Defense Defense Time % Phy DF OF
1 Jake Muzzin Robert Bortuzzo 60 1 2 2
2 Ryan Pulock Taylor Aronson 40 1 2 2
Penalty Kill 4 Players Forward
Center Wing Time % Phy DF OF
1 Spencer Machacek Daultan Leveillé 60 1 2 2
2 Taylor Beck J.T. Brown 40 1 2 2
Penalty Kill 4 Players Defense
Defense Defense Time % Phy DF OF
1 Jake Muzzin Robert Bortuzzo 60 1 2 2
2 Ryan Pulock Taylor Aronson 40 1 2 2
Penalty Kill - 3 Players Forward
Forward Time % Phy DF OF
1 Spencer Machacek 60 1 2 2
2 Daultan Leveillé 40 1 2 2
Penalty Kill - 3 Players Defense
Defense Defense Time % Phy DF OF
1 Jake Muzzin Robert Bortuzzo 60 1 2 2
2 Ryan Pulock Taylor Aronson 40 1 2 2
4 vs 4 Forward
Center Wing Time % Phy DF OF
1 Spencer Machacek Daultan Leveillé 60 1 2 2
2 Taylor Beck J.T. Brown 40 1 2 2
4 vs 4 Defense
Defense Defense Time % Phy DF OF
1 Jake Muzzin Robert Bortuzzo 60 1 2 2
2 Ryan Pulock Taylor Aronson 40 1 2 2
Last Minutes Offensive
Center Left Wing Right Wing Defense Defense
Daultan Leveillé Taylor Beck Spencer Machacek Jake Muzzin Robert Bortuzzo
Last Minutes Defensive
Center Left Wing Right Wing Defense Defense
Daultan Leveillé Taylor Beck Spencer Machacek Jake Muzzin Robert Bortuzzo
Goaltenders
Starting : Alex Stalock
Backup : Antti Raanta
Extra Forwards
Normal : Mitch Callahan, Michael Ferland, Brendan Perlini - PP : Mitch Callahan, Michael Ferland - PK : Brendan Perlini
Extra Defensemen
Normal : Nick Pryor, Tommy Vannelli, Ryan Pulock - PP : Nick Pryor - PK : Tommy Vannelli, Ryan Pulock
Penalty Shots
Spencer Machacek, Daultan Leveillé, Taylor Beck, J.T. Brown, Dennis Everberg
Scratches
Thomas DiPauli (Healthy), Taylor Leier (Healthy), Nikita Tryamkin (Left Forearm Injury), Jared Staal (Healthy), Michael Prapavessis (Healthy)
Jaedon Descheneau (Healthy), Jake Paterson (Healthy), Francois Tremblay (Healthy), Brandon Halverson (Healthy)
% Time on Ice - Sewer Rats
Lines # - Real PCT - Wanted PCT - Time Play
Normal Forward
1 - 38% - 40% - 18:55
2 - 27% - 30% - 13:28
3 - 19% - 20% - 9:37
4 - 16% - 10% - 8:15
Normal Defense
1 - 41% - 40% - 20:37
2 - 27% - 30% - 13:48
3 - 22% - 20% - 11:02
4 - 10% - 10% - 4:48
PP Forward
1 - 64% - 60% - 2:31
2 - 36% - 40% - 1:26
PP Defense
1 - 70% - 60% - 2:45
2 - 30% - 40% - 1:12
PK Forward
1 - 81% - 60% - 7:50
2 - 19% - 40% - 1:51
PK Defense
1 - 60% - 60% - 5:47
2 - 40% - 40% - 3:54
PK3 Forward
1 - 0% - 60%
2 - 0% - 40%
PK3 Defense
1 - 0% - 60%
2 - 0% - 40%
44 Forward
1 - 100% - 60% - 0:32
2 - 0% - 40% - 0:00
44 Defense
1 - 100% - 60% - 0:32
2 - 0% - 40% - 0:00
Last Minute Offensive - 0:00
Last Minute Defensive - 0:00
Total
Forward - 64:25
Defense - 64:25
|
% Time on Ice - Demolitions
Lines # - Real PCT - Wanted PCT - Time Play
Normal Forward
1 - 36% - 40% - 18:06
2 - 25% - 30% - 12:34
3 - 24% - 20% - 12:04
4 - 15% - 10% - 7:31
Normal Defense
1 - 42% - 40% - 20:55
2 - 32% - 30% - 15:58
3 - 21% - 20% - 10:27
4 - 6% - 10% - 2:55
PP Forward
1 - 59% - 60% - 5:41
2 - 41% - 40% - 4:00
PP Defense
1 - 65% - 60% - 6:18
2 - 35% - 40% - 3:23
PK Forward
1 - 84% - 60% - 3:09
2 - 16% - 40% - 0:35
PK Defense
1 - 44% - 60% - 1:38
2 - 56% - 40% - 2:06
PK3 Forward
1 - 100% - 60% - 0:13
2 - 0% - 40% - 0:00
PK3 Defense
1 - 100% - 60% - 0:13
2 - 0% - 40% - 0:00
44 Forward
1 - 100% - 60% - 0:32
2 - 0% - 40% - 0:00
44 Defense
1 - 100% - 60% - 0:32
2 - 0% - 40% - 0:00
Last Minute Offensive - 0:00
Last Minute Defensive - 0:00
Total
Forward - 64:25
Defense - 64:25
|
Play-by-Play
1st period
0:01 of 1st period - Daultan Leveillé wins face-off versus Vincent Trocheck in neutral zone.
0:01 of 1st period - Daultan Leveillé is hit by Jarred Tinordi.
0:56 of 1st period - Snap shot by Joseph Blandisi.
0:56 of 1st period - Shot Misses the Net.
1:36 of 1st period - Snap shot by Spencer Machacek.
1:36 of 1st period - Stopped by Marek Mazanek without a rebound.
1:37 of 1st period - Daultan Leveillé wins face-off versus Nick Cousins in Sewer Rats zone.
1:46 of 1st period - Snap shot by Erik Condra.
1:46 of 1st period - Deflect By Anthony Duclair.
1:46 of 1st period - Shot Misses the Net.
1:46 of 1st period - Puck is out of play.
1:47 of 1st period - Nick Cousins wins face-off versus Andrej Nestrasil in Demolitions zone.
2:01 of 1st period - Snap shot by Lane MacDermid.
2:01 of 1st period - Shot Hit the Post.
2:23 of 1st period - Slapshot by Taylor Beck.
2:23 of 1st period - Stopped by Marek Mazanek with a rebound.
2:33 of 1st period - Snap shot by Mark Mancari.
2:33 of 1st period - Shot Misses the Net.
2:55 of 1st period - Snap shot by Dmitrij Jaskin.
2:55 of 1st period - Shot Misses the Net.
2:57 of 1st period - Wrist shot by Jared McCann.
2:57 of 1st period - Stopped by Alex Stalock without a rebound.
2:58 of 1st period - Phil McRae wins face-off versus Jared McCann in Demolitions zone.
3:07 of 1st period - Wrist shot by Dennis Everberg.
3:07 of 1st period - Shot Misses the Net.
3:13 of 1st period - Snap shot by Dennis Everberg.
3:13 of 1st period - Shot Misses the Net.
3:45 of 1st period - Snap shot by Lane MacDermid.
3:45 of 1st period - Shot Blocked by Daniel Carr.
3:47 of 1st period - Snap shot by Taylor Aronson.
3:47 of 1st period - Deflect By J.T. Brown.
3:47 of 1st period - Shot Blocked by Stefan Elliott.
3:47 of 1st period - Puck is out of play.
3:48 of 1st period - Andrej Nestrasil wins face-off versus Jonathan Marchessault in Sewer Rats zone.
4:15 of 1st period - Wrist shot by Erik Condra.
4:15 of 1st period - Stopped by Alex Stalock without a rebound.
4:16 of 1st period - Anthony Duclair wins face-off versus Daultan Leveillé in Demolitions zone.
4:43 of 1st period - Snap shot by Vincent Trocheck.
4:43 of 1st period - Goal by Vincent Trocheck - Sewer Rats : 1 - Demolitions : 0.
4:44 of 1st period - Daultan Leveillé wins face-off versus Vincent Trocheck in neutral zone.
7:24 of 1st period - Icing by Jared McCann.
7:25 of 1st period - Taylor Beck wins face-off versus Jared McCann in Sewer Rats zone.
7:33 of 1st period - Snap shot by Taylor Beck.
7:33 of 1st period - Shot Misses the Net.
7:35 of 1st period - Snap shot by Daultan Leveillé.
7:35 of 1st period - Shot Misses the Net.
7:37 of 1st period - Snap shot by Spencer Machacek.
7:37 of 1st period - Shot Misses the Net.
7:39 of 1st period - Slapshot by Ryan Pulock.
7:39 of 1st period - Stopped by Marek Mazanek with a rebound.
7:41 of 1st period - Wrist shot by Taylor Beck.
7:41 of 1st period - Shot Blocked by Jarred Tinordi.
8:15 of 1st period - Slapshot by Mark Mancari.
8:15 of 1st period - Shot Misses the Net.
8:54 of 1st period - Jonathan Marchessault is hit by Spencer Machacek and loses puck.
9:03 of 1st period - Snap shot by Daniel Carr.
9:03 of 1st period - Shot Blocked by Daultan Leveillé.
9:05 of 1st period - Snap shot by Jonathan Marchessault.
9:05 of 1st period - Stopped by Alex Stalock without a rebound.
9:06 of 1st period - Andrej Nestrasil wins face-off versus Vincent Trocheck in Demolitions zone.
9:11 of 1st period - Tomas Tatar is hit by Lane MacDermid and loses puck.
10:24 of 1st period - Snap shot by Daniel Carr.
10:24 of 1st period - Stopped by Alex Stalock with a rebound.
10:26 of 1st period - Slapshot by Daniel Carr.
10:26 of 1st period - Shot Blocked by Alex Hutchings.
11:44 of 1st period - Christoph Bertschy is hit by Tomas Tatar.
11:56 of 1st period - Snap shot by Andrej Nestrasil.
11:56 of 1st period - Stopped by Marek Mazanek without a rebound.
11:57 of 1st period - Andrej Nestrasil wins face-off versus Jared McCann in Sewer Rats zone.
12:00 of 1st period - Snap shot by Lane MacDermid.
12:00 of 1st period - Shot Misses the Net.
12:02 of 1st period - Slapshot by Tommy Vannelli.
12:02 of 1st period - Goal by Tommy Vannelli - Sewer Rats : 1 - Demolitions : 1.
12:03 of 1st period - Daultan Leveillé wins face-off versus Mark Mancari in neutral zone.
12:19 of 1st period - Off-side.
12:20 of 1st period - Jonathan Marchessault wins face-off versus Andrej Nestrasil in neutral zone.
12:23 of 1st period - Lane MacDermid is hit by Jonathan Marchessault and loses puck.
12:34 of 1st period - Wrist shot by Jonathan Marchessault.
12:34 of 1st period - Stopped by Alex Stalock without a rebound.
12:35 of 1st period - Daultan Leveillé wins face-off versus Vincent Trocheck in Demolitions zone.
13:29 of 1st period - Snap shot by J.T. Brown.
13:29 of 1st period - Shot Misses the Net.
13:31 of 1st period - Slapshot by Taylor Aronson.
13:31 of 1st period - Shot Misses the Net.
13:33 of 1st period - Wrist shot by J.T. Brown.
13:33 of 1st period - Stopped by Marek Mazanek without a rebound.
13:34 of 1st period - Jonathan Marchessault wins face-off versus Spencer Machacek in Sewer Rats zone.
14:24 of 1st period - Stefan Elliott is hit by Andrej Nestrasil and loses puck.
14:41 of 1st period - Slapshot by Tomas Tatar.
14:41 of 1st period - Shot Misses the Net.
14:59 of 1st period - Slapshot by Aaron Palushaj.
14:59 of 1st period - Stopped by Marek Mazanek without a rebound.
15:00 of 1st period - Jonathan Marchessault wins face-off versus Christoph Bertschy in Sewer Rats zone.
15:00 of 1st period - Jonathan Marchessault is hit by Jake Muzzin.
15:03 of 1st period - Daniel Carr is hit by Aaron Palushaj and loses puck.
15:20 of 1st period - Wrist shot by Jonathan Marchessault.
15:20 of 1st period - Shot Misses the Net.
15:22 of 1st period - Slapshot by Jarred Tinordi.
15:22 of 1st period - Shot Blocked by Robert Bortuzzo.
15:32 of 1st period - Snap shot by Daniel Carr.
15:32 of 1st period - Shot Misses the Net.
15:34 of 1st period - Snap shot by Jonathan Marchessault.
15:34 of 1st period - Stopped by Alex Stalock with a rebound.
15:36 of 1st period - Slapshot by Daniel Carr.
15:36 of 1st period - Goal by Daniel Carr - Sewer Rats : 2 - Demolitions : 1.
15:37 of 1st period - Mark Mancari wins face-off versus Taylor Beck in neutral zone.
16:03 of 1st period - J.T. Brown is hit by Erik Condra and loses puck.
16:23 of 1st period - Off-side.
16:24 of 1st period - Phil McRae wins face-off versus Jared McCann in neutral zone.
16:39 of 1st period - Snap shot by Joshua Leivo.
16:39 of 1st period - Stopped by Marek Mazanek with a rebound.
16:51 of 1st period - Robert Bortuzzo is hit by Luke Witkowski and loses puck.
17:43 of 1st period - Jake Muzzin is hit by Vincent Trocheck and loses puck.
18:04 of 1st period - Wrist shot by Dmitrij Jaskin.
18:04 of 1st period - Shot Misses the Net.
18:06 of 1st period - Slapshot by Stefan Elliott.
18:06 of 1st period - Stopped by Alex Stalock with a rebound.
18:08 of 1st period - Slapshot by Stefan Elliott.
18:08 of 1st period - Deflect By Jared McCann.
18:08 of 1st period - Shot Misses the Net.
18:08 of 1st period - Puck is out of play.
18:09 of 1st period - Daultan Leveillé wins face-off versus Vincent Trocheck in Demolitions zone.
18:16 of 1st period - Wrist shot by Taylor Beck.
18:16 of 1st period - Shot Hit the Post.
18:43 of 1st period - Snap shot by Luke Witkowski.
18:43 of 1st period - Shot Misses the Net.
19:14 of 1st period - Minor Penalty to Jared McCann for Delaying the game.
19:15 of 1st period - Daultan Leveillé wins face-off versus Mark Mancari in Sewer Rats zone.
19:16 of 1st period - Backhand shot by Spencer Machacek.
19:16 of 1st period - Stopped by Marek Mazanek with a rebound.
19:18 of 1st period - Wrist shot by Taylor Beck.
19:18 of 1st period - Stopped by Marek Mazanek with a rebound.
19:20 of 1st period - Wrist shot by Taylor Beck.
19:20 of 1st period - Deflect By Stefan Elliott.
19:20 of 1st period - Goal by Taylor Beck - Sewer Rats : 2 - Demolitions : 2.
19:21 of 1st period - Vincent Trocheck wins face-off versus Daultan Leveillé in neutral zone.
19:34 of 1st period - Snap shot by Spencer Machacek.
19:34 of 1st period - Shot Misses the Net.
19:36 of 1st period - Slapshot by Robert Bortuzzo.
19:36 of 1st period - Shot Blocked by Vincent Trocheck.
19:48 of 1st period - Snap shot by Aaron Palushaj.
19:48 of 1st period - Shot Misses the Net.
19:59 of 1st period - Slapshot by Ryan Pulock.
19:59 of 1st period - Shot Hit the Post.
Goals for this period are 2 for Sewer Rats vs 2 for Demolitions.
Shots for this period are 9 for Sewer Rats vs 11 for Demolitions.
2nd period
0:01 of 2nd period - Daultan Leveillé wins face-off versus Vincent Trocheck in neutral zone.
0:11 of 2nd period - Off-side.
0:12 of 2nd period - Vincent Trocheck wins face-off versus Daultan Leveillé in neutral zone.
0:17 of 2nd period - Wrist shot by Mark Mancari.
0:17 of 2nd period - Shot Misses the Net.
0:37 of 2nd period - Stefan Elliott is hit by Robert Bortuzzo and loses puck.
0:50 of 2nd period - Snap shot by Mark Mancari.
0:50 of 2nd period - Shot Blocked by Dennis Everberg.
0:52 of 2nd period - Snap shot by Vincent Trocheck.
0:52 of 2nd period - Shot Blocked by Joshua Leivo.
0:54 of 2nd period - Snap shot by Tomas Tatar.
0:54 of 2nd period - Deflect By Mark Mancari.
0:54 of 2nd period - Stopped by Alex Stalock without a rebound.
0:55 of 2nd period - Taylor Beck wins face-off versus Jonathan Marchessault in Demolitions zone.
0:55 of 2nd period - Taylor Beck is hit by Luke Witkowski.
1:34 of 2nd period - Minor Penalty to Stefan Elliott for Hooking.
1:35 of 2nd period - Daultan Leveillé wins face-off versus Luke Witkowski in Sewer Rats zone.
1:44 of 2nd period - Wrist shot by Taylor Beck.
1:44 of 2nd period - Deflect By Spencer Machacek.
1:44 of 2nd period - Stopped by Marek Mazanek with a rebound.
1:46 of 2nd period - Slapshot by Jake Muzzin.
1:46 of 2nd period - Goal by Jake Muzzin - Sewer Rats : 2 - Demolitions : 3.
1:47 of 2nd period - Andrej Nestrasil wins face-off versus Vincent Trocheck in neutral zone.
1:58 of 2nd period - Snap shot by J.T. Brown.
1:58 of 2nd period - Shot Blocked by Mark Mancari.
2:00 of 2nd period - Snap shot by Robert Bortuzzo.
2:00 of 2nd period - Stopped by Marek Mazanek with a rebound.
2:02 of 2nd period - Wrist shot by J.T. Brown.
2:02 of 2nd period - Shot Misses the Net.
2:12 of 2nd period - Vincent Trocheck is hit by Robert Bortuzzo and loses puck.
2:23 of 2nd period - Snap shot by Dennis Everberg.
2:23 of 2nd period - Stopped by Marek Mazanek without a rebound.
2:24 of 2nd period - Daultan Leveillé wins face-off versus Jonathan Marchessault in Sewer Rats zone.
2:32 of 2nd period - Off-side.
2:33 of 2nd period - Jonathan Marchessault wins face-off versus Daultan Leveillé in neutral zone.
2:36 of 2nd period - Snap shot by Jonathan Marchessault.
2:36 of 2nd period - Shot Misses the Net.
3:01 of 2nd period - Wrist shot by Taylor Beck.
3:01 of 2nd period - Deflect By Daultan Leveillé.
3:01 of 2nd period - Shot Blocked by Luke Witkowski.
3:01 of 2nd period - Puck is out of play.
3:02 of 2nd period - J.T. Brown wins face-off versus Vincent Trocheck in Sewer Rats zone.
3:39 of 2nd period - Slapshot by Nick Cousins.
3:39 of 2nd period - Goal by Nick Cousins - Sewer Rats : 3 - Demolitions : 3.
3:40 of 2nd period - Vincent Trocheck wins face-off versus Daultan Leveillé in neutral zone.
4:30 of 2nd period - Wrist shot by Jonathan Marchessault.
4:30 of 2nd period - Shot Misses the Net.
5:57 of 2nd period - Snap shot by Luke Witkowski.
5:57 of 2nd period - Shot Blocked by Taylor Aronson.
6:09 of 2nd period - Wrist shot by Spencer Machacek.
6:09 of 2nd period - Stopped by Marek Mazanek with a rebound.
6:18 of 2nd period - Snap shot by Daniel Carr.
6:18 of 2nd period - Stopped by Alex Stalock with a rebound.
6:40 of 2nd period - Snap shot by Taylor Beck.
6:40 of 2nd period - Stopped by Marek Mazanek with a rebound.
6:48 of 2nd period - Snap shot by Spencer Machacek.
6:48 of 2nd period - Shot Blocked by Luke Witkowski.
7:00 of 2nd period - Wrist shot by Spencer Machacek.
7:00 of 2nd period - Shot Blocked by Daniel Carr.
7:08 of 2nd period - Jake Muzzin is hit by Daniel Carr.
7:20 of 2nd period - Wrist shot by Taylor Beck.
7:20 of 2nd period - Stopped by Marek Mazanek without a rebound.
7:21 of 2nd period - J.T. Brown wins face-off versus Vincent Trocheck in Sewer Rats zone.
7:24 of 2nd period - Slapshot by Andrej Nestrasil.
7:24 of 2nd period - Goal by Andrej Nestrasil - Sewer Rats : 3 - Demolitions : 4.
7:25 of 2nd period - Vincent Trocheck wins face-off versus Andrej Nestrasil in neutral zone.
7:50 of 2nd period - Jarred Tinordi is hit by Taylor Aronson and loses puck.
8:12 of 2nd period - Wrist shot by Mark Mancari.
8:12 of 2nd period - Stopped by Alex Stalock without a rebound.
8:13 of 2nd period - Andrej Nestrasil wins face-off versus Nick Cousins in Demolitions zone.
8:13 of 2nd period - Andrej Nestrasil is hit by Erik Condra.
8:29 of 2nd period - Wrist shot by Erik Condra.
8:29 of 2nd period - Shot Misses the Net.
8:49 of 2nd period - Snap shot by Spencer Machacek.
8:49 of 2nd period - Stopped by Marek Mazanek with a rebound.
9:00 of 2nd period - Off-side.
9:01 of 2nd period - Jonathan Marchessault wins face-off versus Joshua Leivo in neutral zone.
9:16 of 2nd period - Joel Edmundson is hit by Tommy Vannelli and loses puck.
9:19 of 2nd period - Minor Penalty to Phil McRae for Hooking.
9:20 of 2nd period - Vincent Trocheck wins face-off versus Spencer Machacek in Demolitions zone.
9:23 of 2nd period - Wrist shot by Mark Mancari.
9:23 of 2nd period - Stopped by Alex Stalock with a rebound.
9:54 of 2nd period - Icing by Stefan Elliott.
9:55 of 2nd period - Jonathan Marchessault wins face-off versus Spencer Machacek in Sewer Rats zone.
10:10 of 2nd period - Wrist shot by Tomas Tatar.
10:10 of 2nd period - Shot Misses the Net.
10:20 of 2nd period - Wrist shot by Taylor Beck.
10:20 of 2nd period - Shot Misses the Net.
10:31 of 2nd period - Minor Penalty to Ryan Pulock for Tripping.
10:32 of 2nd period - Spencer Machacek wins face-off versus Vincent Trocheck in Demolitions zone.
10:44 of 2nd period - Wrist shot by Mark Mancari.
10:44 of 2nd period - Goal by Mark Mancari - Sewer Rats : 4 - Demolitions : 4.
10:45 of 2nd period - Spencer Machacek wins face-off versus Vincent Trocheck in neutral zone.
10:48 of 2nd period - Slapshot by Robert Bortuzzo.
10:48 of 2nd period - Shot Blocked by Mark Mancari.
10:54 of 2nd period - Jake Muzzin is hit by Tomas Tatar and loses puck.
10:59 of 2nd period - Snap shot by Tomas Tatar.
10:59 of 2nd period - Shot Misses the Net.
11:01 of 2nd period - Slapshot by Jarred Tinordi.
11:01 of 2nd period - Shot Misses the Net.
11:49 of 2nd period - Wrist shot by Jonathan Marchessault.
11:49 of 2nd period - Goal by Jonathan Marchessault - Sewer Rats : 5 - Demolitions : 4.
11:50 of 2nd period - Vincent Trocheck wins face-off versus Lane MacDermid in neutral zone.
11:54 of 2nd period - Slapshot by Joel Edmundson.
11:54 of 2nd period - Deflect By Tomas Tatar.
11:54 of 2nd period - Shot Misses the Net.
11:54 of 2nd period - Puck is out of play.
11:55 of 2nd period - Vincent Trocheck wins face-off versus Andrej Nestrasil in Demolitions zone.
11:58 of 2nd period - Backhand shot by Mark Mancari.
11:58 of 2nd period - Stopped by Alex Stalock without a rebound.
11:59 of 2nd period - Andrej Nestrasil wins face-off versus Vincent Trocheck in Demolitions zone.
12:10 of 2nd period - Wrist shot by J.T. Brown.
12:10 of 2nd period - Stopped by Marek Mazanek with a rebound.
12:15 of 2nd period - Off-side.
12:16 of 2nd period - Daultan Leveillé wins face-off versus Nick Cousins in neutral zone.
12:27 of 2nd period - Wrist shot by Spencer Machacek.
12:27 of 2nd period - Stopped by Marek Mazanek with a rebound.
12:29 of 2nd period - Slapshot by Robert Bortuzzo.
12:29 of 2nd period - Shot Blocked by Jarred Tinordi.
12:31 of 2nd period - Snap shot by Spencer Machacek.
12:31 of 2nd period - Deflect By Taylor Beck.
12:31 of 2nd period - Shot Misses the Net.
12:31 of 2nd period - Puck is out of play.
12:32 of 2nd period - Tomas Tatar wins face-off versus Andrej Nestrasil in Sewer Rats zone.
12:37 of 2nd period - Slapshot by Stefan Elliott.
12:37 of 2nd period - Stopped by Alex Stalock without a rebound.
12:38 of 2nd period - J.T. Brown wins face-off versus Vincent Trocheck in Demolitions zone.
12:43 of 2nd period - Backhand shot by Lane MacDermid.
12:43 of 2nd period - Stopped by Marek Mazanek with a rebound.
13:28 of 2nd period - Minor Penalty to Daniel Carr for Tripping.
13:29 of 2nd period - Mark Mancari wins face-off versus Daultan Leveillé in Sewer Rats zone.
13:43 of 2nd period - Snap shot by Taylor Beck.
13:43 of 2nd period - Shot Blocked by Mark Mancari.
15:06 of 2nd period - Anthony Duclair is hit by Jake Muzzin and loses puck.
15:28 of 2nd period - Penalty to Daniel Carr is over, Daniel Carr is back on ice.
15:31 of 2nd period - Slapshot by Stefan Elliott.
15:31 of 2nd period - Stopped by Alex Stalock without a rebound.
15:32 of 2nd period - Phil McRae wins face-off versus Jared McCann in Demolitions zone.
15:32 of 2nd period - Phil McRae is hit by Jared McCann.
15:50 of 2nd period - Dennis Everberg is hit by Dmitrij Jaskin and loses puck.
17:15 of 2nd period - Snap shot by Erik Condra.
17:15 of 2nd period - Stopped by Alex Stalock without a rebound.
17:16 of 2nd period - Daultan Leveillé wins face-off versus Vincent Trocheck in Demolitions zone.
17:29 of 2nd period - Snap shot by Tomas Tatar.
17:29 of 2nd period - Shot Blocked by Robert Bortuzzo.
17:31 of 2nd period - Slapshot by Stefan Elliott.
17:31 of 2nd period - Stopped by Alex Stalock without a rebound.
17:32 of 2nd period - Jonathan Marchessault wins face-off versus Andrej Nestrasil in Demolitions zone.
17:57 of 2nd period - Mark Mancari is hit by Daultan Leveillé and loses puck.
18:18 of 2nd period - Wrist shot by Daultan Leveillé.
18:18 of 2nd period - Deflect By Phil McRae.
18:18 of 2nd period - Shot Misses the Net.
18:18 of 2nd period - Puck is out of play.
18:19 of 2nd period - Phil McRae wins face-off versus Nick Cousins in Sewer Rats zone.
19:04 of 2nd period - Snap shot by Lane MacDermid.
19:04 of 2nd period - Stopped by Marek Mazanek without a rebound.
19:05 of 2nd period - J.T. Brown wins face-off versus Jonathan Marchessault in Sewer Rats zone.
19:38 of 2nd period - Snap shot by Taylor Beck.
19:38 of 2nd period - Stopped by Marek Mazanek with a rebound.
Goals for this period are 3 for Sewer Rats vs 2 for Demolitions.
Shots for this period are 12 for Sewer Rats vs 14 for Demolitions.
3rd period
0:01 of 3rd period - Vincent Trocheck wins face-off versus Daultan Leveillé in neutral zone.
0:06 of 3rd period - Wrist shot by Mark Mancari.
0:06 of 3rd period - Shot Misses the Net.
0:08 of 3rd period - Slapshot by Jarred Tinordi.
0:08 of 3rd period - Deflect By Vincent Trocheck.
0:08 of 3rd period - Stopped by Alex Stalock with a rebound.
0:10 of 3rd period - Wrist shot by Vincent Trocheck.
0:10 of 3rd period - Stopped by Alex Stalock with a rebound.
0:12 of 3rd period - Snap shot by Tomas Tatar.
0:12 of 3rd period - Stopped by Alex Stalock without a rebound.
0:13 of 3rd period - Vincent Trocheck wins face-off versus Daultan Leveillé in Demolitions zone.
0:17 of 3rd period - Minor Penalty to Daultan Leveillé for Holding.
0:18 of 3rd period - Spencer Machacek wins face-off versus Vincent Trocheck in Demolitions zone.
0:26 of 3rd period - Jake Muzzin is hit by Stefan Elliott and loses puck.
0:41 of 3rd period - Stefan Elliott is hit by Spencer Machacek and loses puck.
0:54 of 3rd period - Icing by Tomas Tatar.
0:55 of 3rd period - Spencer Machacek wins face-off versus Vincent Trocheck in Sewer Rats zone.
1:36 of 3rd period - Snap shot by Tomas Tatar.
1:36 of 3rd period - Stopped by Alex Stalock without a rebound.
1:37 of 3rd period - Christoph Bertschy wins face-off versus Jonathan Marchessault in Demolitions zone.
1:37 of 3rd period - Christoph Bertschy is hit by Daniel Carr.
1:44 of 3rd period - Minor Penalty to Luke Witkowski for Hooking.
1:45 of 3rd period - Mark Mancari wins face-off versus Spencer Machacek in Sewer Rats zone.
2:05 of 3rd period - Robert Bortuzzo is hit by Jarred Tinordi and loses puck.
2:17 of 3rd period - Penalty to Daultan Leveillé is over, Daultan Leveillé is back on ice.
2:46 of 3rd period - Taylor Aronson is hit by Daniel Carr and loses puck.
3:03 of 3rd period - J.T. Brown is hit by Daniel Carr and loses puck.
3:14 of 3rd period - Slapshot by Taylor Aronson.
3:14 of 3rd period - Shot Misses the Net.
3:44 of 3rd period - Penalty to Luke Witkowski is over, Luke Witkowski is back on ice.
3:50 of 3rd period - Slapshot by Dennis Everberg.
3:50 of 3rd period - Stopped by Marek Mazanek with a rebound.
3:52 of 3rd period - Slapshot by Nick Pryor.
3:52 of 3rd period - Shot Blocked by Joel Edmundson.
3:54 of 3rd period - Backhand shot by Tommy Vannelli.
3:54 of 3rd period - Shot Misses the Net.
4:45 of 3rd period - Wrist shot by Daniel Carr.
4:45 of 3rd period - Shot Misses the Net.
5:21 of 3rd period - Ryan Murphy is hit by Joshua Leivo and loses puck.
5:32 of 3rd period - Spencer Machacek is hit by Ryan Murphy and loses puck.
5:43 of 3rd period - Snap shot by Dmitrij Jaskin.
5:43 of 3rd period - Shot Misses the Net.
6:13 of 3rd period - Minor Penalty to Nick Cousins for Holding.
6:14 of 3rd period - Mark Mancari wins face-off versus Daultan Leveillé in Sewer Rats zone.
6:27 of 3rd period - Off-side.
6:28 of 3rd period - Taylor Beck wins face-off versus Mark Mancari in neutral zone.
6:35 of 3rd period - Slapshot by Jake Muzzin.
6:35 of 3rd period - Stopped by Marek Mazanek without a rebound.
6:36 of 3rd period - Daultan Leveillé wins face-off versus Mark Mancari in Sewer Rats zone.
8:05 of 3rd period - Spencer Machacek is hit by Jarred Tinordi and loses puck.
8:13 of 3rd period - Penalty to Nick Cousins is over, Nick Cousins is back on ice.
8:20 of 3rd period - Joseph Blandisi is hit by Robert Bortuzzo and loses puck.
8:27 of 3rd period - Snap shot by Dennis Everberg.
8:27 of 3rd period - Stopped by Marek Mazanek with a rebound.
8:29 of 3rd period - Wrist shot by Dennis Everberg.
8:29 of 3rd period - Goal by Dennis Everberg - Sewer Rats : 5 - Demolitions : 5.
8:30 of 3rd period - Daultan Leveillé wins face-off versus Vincent Trocheck in neutral zone.
8:51 of 3rd period - Minor Penalty to Mark Mancari for Interference.
8:52 of 3rd period - Anthony Duclair wins face-off versus Daultan Leveillé in Sewer Rats zone.
9:23 of 3rd period - Snap shot by J.T. Brown.
9:23 of 3rd period - Stopped by Marek Mazanek without a rebound.
9:24 of 3rd period - Vincent Trocheck wins face-off versus Daultan Leveillé in Sewer Rats zone.
9:37 of 3rd period - Slapshot by Spencer Machacek.
9:37 of 3rd period - Stopped by Marek Mazanek without a rebound.
9:38 of 3rd period - Anthony Duclair wins face-off versus Daultan Leveillé in Sewer Rats zone.
9:38 of 3rd period - Anthony Duclair is hit by Jake Muzzin.
9:43 of 3rd period - Off-side.
9:44 of 3rd period - Anthony Duclair wins face-off versus Daultan Leveillé in neutral zone.
10:51 of 3rd period - Penalty to Mark Mancari is over, Mark Mancari is back on ice.
10:59 of 3rd period - Snap shot by Phil McRae.
10:59 of 3rd period - Stopped by Marek Mazanek without a rebound.
11:00 of 3rd period - Nick Cousins wins face-off versus Phil McRae in Sewer Rats zone.
11:05 of 3rd period - Snap shot by Nick Cousins.
11:05 of 3rd period - Shot Blocked by Joshua Leivo.
11:10 of 3rd period - Off-side.
11:11 of 3rd period - Daultan Leveillé wins face-off versus Vincent Trocheck in neutral zone.
11:26 of 3rd period - Snap shot by Spencer Machacek.
11:26 of 3rd period - Stopped by Marek Mazanek with a rebound.
11:32 of 3rd period - Minor Penalty to Tomas Tatar for Roughing.
11:33 of 3rd period - Taylor Beck wins face-off versus Mark Mancari in Sewer Rats zone.
11:58 of 3rd period - Jake Muzzin is hit by Jarred Tinordi and loses puck.
11:59 of 3rd period - Jake Muzzin from Demolitions is injured at 11:59 of 3rd period (Strained Left Knee).
12:00 of 3rd period - Daultan Leveillé wins face-off versus Mark Mancari in Demolitions zone.
12:13 of 3rd period - Stefan Elliott is hit by Daultan Leveillé and loses puck.
13:32 of 3rd period - Penalty to Tomas Tatar is over, Tomas Tatar is back on ice.
14:29 of 3rd period - Jarred Tinordi is hit by J.T. Brown.
14:56 of 3rd period - John Ramage is hit by Taylor Aronson and loses puck.
15:10 of 3rd period - Jared McCann is hit by Phil McRae and loses puck.
16:20 of 3rd period - Wrist shot by Spencer Machacek.
16:20 of 3rd period - Deflect By Daultan Leveillé.
16:20 of 3rd period - Deflect By Connor Carrick.
16:20 of 3rd period - Shot Misses the Net.
16:20 of 3rd period - Puck is out of play.
16:21 of 3rd period - Daultan Leveillé wins face-off versus Jonathan Marchessault in Sewer Rats zone.
16:47 of 3rd period - Connor Carrick is hit by Joshua Leivo and loses puck.
17:16 of 3rd period - Lane MacDermid is hit by John Ramage.
18:16 of 3rd period - Jarred Tinordi is hit by Dennis Everberg and loses puck.
18:44 of 3rd period - Nick Pryor is hit by Tomas Tatar and loses puck.
19:59 of 3rd period - Vincent Trocheck is hit by J.T. Brown and loses puck.
Goals for this period are 0 for Sewer Rats vs 1 for Demolitions.
Shots for this period are 4 for Sewer Rats vs 8 for Demolitions.
Overtime #1
0:01 of 1st overtime period - Daultan Leveillé wins face-off versus Vincent Trocheck in neutral zone.
0:04 of 1st overtime period - Wrist shot by Spencer Machacek.
0:04 of 1st overtime period - Stopped by Marek Mazanek with a rebound.
0:56 of 1st overtime period - Anthony Duclair is hit by Ryan Pulock and loses puck.
1:12 of 1st overtime period - Jared McCann is hit by Ryan Pulock and loses puck.
1:20 of 1st overtime period - Off-side.
1:21 of 1st overtime period - Vincent Trocheck wins face-off versus Daultan Leveillé in neutral zone.
1:23 of 1st overtime period - Off-side.
1:24 of 1st overtime period - Vincent Trocheck wins face-off versus Daultan Leveillé in neutral zone.
1:37 of 1st overtime period - Snap shot by Daultan Leveillé.
1:37 of 1st overtime period - Shot Misses the Net.
1:39 of 1st overtime period - Slapshot by Daultan Leveillé.
1:39 of 1st overtime period - Stopped by Marek Mazanek with a rebound.
1:51 of 1st overtime period - Wrist shot by Luke Witkowski.
1:51 of 1st overtime period - Deflect By Daniel Carr.
1:51 of 1st overtime period - Stopped by Alex Stalock without a rebound.
1:52 of 1st overtime period - Andrej Nestrasil wins face-off versus Jonathan Marchessault in Demolitions zone.
2:40 of 1st overtime period - Robert Bortuzzo is hit by Erik Condra and loses puck.
2:45 of 1st overtime period - Snap shot by Nick Cousins.
2:45 of 1st overtime period - Shot Misses the Net.
2:47 of 1st overtime period - Wrist shot by Anthony Duclair.
2:47 of 1st overtime period - Deflect By Erik Condra.
2:47 of 1st overtime period - Stopped by Alex Stalock without a rebound.
2:48 of 1st overtime period - Jonathan Marchessault wins face-off versus Andrej Nestrasil in Demolitions zone.
2:51 of 1st overtime period - Snap shot by Daniel Carr.
2:51 of 1st overtime period - Shot Misses the Net.
3:14 of 1st overtime period - Tomas Tatar is hit by Robert Bortuzzo and loses puck.
3:20 of 1st overtime period - Off-side.
3:21 of 1st overtime period - Daultan Leveillé wins face-off versus Vincent Trocheck in neutral zone.
3:21 of 1st overtime period - Taylor Beck is hit by Stefan Elliott and loses puck.
3:30 of 1st overtime period - Snap shot by Taylor Beck.
3:30 of 1st overtime period - Deflect By Spencer Machacek.
3:30 of 1st overtime period - Shot Misses the Net.
3:30 of 1st overtime period - Puck is out of play.
3:31 of 1st overtime period - Daultan Leveillé wins face-off versus Vincent Trocheck in Sewer Rats zone.
4:25 of 1st overtime period - Snap shot by Dennis Everberg.
4:25 of 1st overtime period - Goal by Dennis Everberg - Sewer Rats : 5 - Demolitions : 6.
Goals for this period are 0 for Sewer Rats vs 1 for Demolitions.
Shots for this period are 2 for Sewer Rats vs 3 for Demolitions.
Back to the Top